 Dungeon Crawl Stone Soup version 0.30.1-11-g7821555f0a (webtiles) character file.

Game seed: 15141928933061920884

199 Martska the Trooper (level 5, -4/42 HPs)
             Began as a Demonspawn Fighter on Dec 13, 2023.
             Killed by divine providence
             ... invoked by an orc priest
              (15 damage)
             ... on level 3 of the Dungeon.
             The game lasted 00:01:46 (2213 turns).

Martska the Trooper (Demonspawn Fighter)            Turns: 2213, Time: 00:01:46

Health: -4/42      AC:  6    Str: 19    XL:     5   Next: 48%
Magic:  5/5        EV: 12    Int:  9    God:
Gold:   118        SH:  4    Dex: 12    Spells: 4/4 levels left

rFire   + . .        a - +0 war axe
rCold   + + .        c - +0 buckler
rNeg    . . .        b - +0 scale mail
rPois   .            (no helmet)
rElec   .            s - scarf {rC+ rF+}
rCorr   .            (no gloves)
SInv    .            (no boots)
Will    .....        (no amulet) Stlth
                     i - ring of protection from cold
HPRegen 0.27/turn    (no ring)
MPRegen 0.09/turn

%: no passive effects
@: no status effects
A: repulsion field 1, spiny 1, demonic magic 1
a: no special abilities


You were on level 3 of the Dungeon.
You visited 1 branch of the dungeon, and saw 3 of its levels.

You collected 118 gold pieces.

Inventory:

Hand Weapons
 a - a +0 war axe (weapon)
Armour
 b - a +0 scale mail (worn)
 c - a +0 buckler (worn)
 s - a scarf of resistance (worn)
Jewellery
 i - a ring of protection from cold (left hand)
 o - a ring of ice
 q - a ring of wizardry
 r - a +6 ring of intelligence
Wands
 n - a wand of flame (13)
Scrolls
 e - 3 scrolls of identify {unknown}
 f - a scroll of magic mapping {unknown}
 h - 2 scrolls of vulnerability {unknown}
 j - a scroll of teleportation {unknown}
 l - a scroll of amnesia {unknown}
 m - 3 scrolls of fear {unknown}
 p - a scroll of noise {unknown}
Potions
 d - a potion of might
 g - 4 potions of curing {unknown}
 k - 2 potions of heal wounds {unknown}


   Skills:
 * Level 4.3 Fighting
 - Level 1.7 Axes
 + Level 3.3 Armour
 * Level 2.5 Dodging
 + Level 3.4 Shields


You had 4 spell levels left.
You didn't know any spells.
Your spell library contained the following spells:

 Spells                   Type           Power      Damage    Failure   Level
 Ensorcelled Hibernation  Hex/Ice        0%         N/A       92%         2
 Passwall                 Tmut/Erth      0%         N/A       92%         2
 Swiftness                Air            0%         N/A       99%         3


Dungeon Overview and Level Annotations

Branches:
Dungeon (3/15)

Altars:
Yredelemnul


Innate Abilities, Weirdness & Mutations

You are surrounded by a mild repulsion field. (EV +2)
You are partially covered in sharp spines.
Spells you cast may paralyse adjacent enemies.


Message History

The orc priest is almost dead.
The orc priest hits you with a +0 flail.
You barely miss the orc priest.
The orc priest is almost dead.
The orc priest hits you with a +0 flail.
The orc priest barely misses you.
You slash the orc priest!
You kill the orc priest!
The bat hits you but does no damage. The bat is struck by your spines.
You kill the bat!
You completely miss the orc priest.
The orc priest mumbles some strange prayers to Beogh against you.
Beogh smites you!
* * * LOW HITPOINT WARNING * * *
The orc priest closely misses you.
You are too injured to fight recklessly!
You are too injured to fight recklessly!
You are too injured to fight recklessly!
You are too injured to fight recklessly!
You are too injured to fight recklessly!
You are too injured to fight recklessly!
You are too injured to fight recklessly!
You are too injured to fight recklessly!
You are too injured to fight recklessly!
You are too injured to fight recklessly!
You are too injured to fight recklessly!
You are too injured to fight recklessly!
You are too injured to fight recklessly!
You are too injured to fight recklessly!
You are too injured to fight recklessly!
You are too injured to fight recklessly!
You closely miss the orc priest.
The orc priest is struck by your spines.
The orc priest hits you but does no damage.
You closely miss the orc priest.
The orc priest is lightly wounded.
The orc priest closely misses you.
The orc priest mumbles some strange prayers to Beogh against you.
Beogh smites you!
You die...

...##>........#
#####.........#
###...........# .
#...########### ..
...........# ...
.)รท........# ....
...........# .....
...........# #####...#
...........# #..@o.#
.[.........###.###.#
...............# # ######
...........##### #.....#
..####....## #.....# ..#
#.#### #.....# ..####.### ..
#.....# #........######.#
#.....#
#...............######.....#


You could see an orc priest.

Vanquished Creatures
  An orc priest (D:3)
  Terence (D:2)
  A scorpion zombie (D:3)
  A hound zombie (D:3)
  4 adders
  An adder zombie (D:3)
  A worm (D:2)
  2 dart slugs
  2 orcs (D:3)
  4 endoplasms
  5 giant cockroaches
  3 goblins
  5 hobgoblins
  6 kobolds
  2 quokkas
  6 ball pythons
  5 bats
  2 frilled lizards
  7 rats
59 creatures vanquished.

Notes
Turn   | Place    | Note
-------+----------+-------------------------------------------
     0 | D:1      | Martska the Demonspawn Fighter began the quest for the Orb.
     0 | D:1      | Reached XP level 1. HP: 18/18 MP: 1/1
   179 | D:1      | Gained mutation: You are partially covered in sharp spines.
                  | [demonic ancestry]
   179 | D:1      | Reached XP level 2. HP: 22/24 MP: 2/2
   262 | D:1      | Reached skill level 1 in Dodging
  1154 | D:2      | Reached XP level 3. HP: 29/29 MP: 3/3
  1180 | D:2      | Found a faded altar of an unknown god.
  1261 | D:2      | Noticed Terence
  1268 | D:2      | Killed Terence
  1269 | D:2      | Gained mutation: Spells you cast may paralyse adjacent
                  | enemies. [demonic ancestry]
  1269 | D:2      | Reached XP level 4. HP: 21/37 MP: 4/4
  1884 | D:3      | Reached skill level 4 in Fighting
  1892 | D:3      | Found a basalt altar of Yredelemnul.
  1905 | D:3      | Gained mutation: You are surrounded by a mild repulsion
                  | field. (EV +2) [demonic ancestry]
  1905 | D:3      | Reached XP level 5. HP: 38/42 MP: 5/5
  2213 | D:3      | Killed from afar by an orc priest

Illustrated notes

Levels and vault maps discovered:
D:1:      erik_arrival_cave_to_civilisation [erik_arrival_cave_to_hall],
          layout_basic, chequers_serial_rivers_micro_b, minmay_misc_feat_five,
          minmay_ruptured
D:2:      layout_loops_ring, ebering_ecumenical_altar_ruins, uniq_terence
D:3:      layout_rooms, nicolae_yredelemnul_corpse_copse

Skill      XL: |  1  2  3  4 |
---------------+-------------+-----
Dodging        | 1 2 |  2.5
Shields        | 3 |  3.4
Armour         | 3 |  3.3
Fighting       | 4 |  4.3
Axes           | |  1.7

Action                     |  1- 3 |  4- 6 || total
---------------------------+-------+-------++-------
  Melee: War axe           |    61 |    76 ||   137
 Armour: Scale mail        |    23 |    23 ||    46
  Dodge: Dodged            |    32 |    35 ||    67
  Block: Buckler           |    15 |    18 ||    33
